 Dungeon Crawl Stone Soup version 0.28-a0-819-g6ef7baa362 (webtiles) character file.

Game seed: 3866589831242167931

298 ytrimaz the Covered (level 6, -3/46 (49) HPs)
             Began as a Demonspawn Berserker on Nov 8, 2021.
             Was a Priest of Trog.
             Slain by an orc (5 damage)
             ... on level 5 of the Dungeon.
             The game lasted 00:04:45 (5249 turns).

ytrimaz the Covered (Demonspawn Berserker)          Turns: 5249, Time: 00:04:45

HP:   -3/46 (49)    AC:  8    Str: 19    XL:     6   Next: 13%
MP:   6/6           EV: 11    Int: 15    God:    Trog [***...]
Gold: 200           SH:  0    Dex: 16    Spells: 5/5 levels left

rFire   + . .      SeeInvis .   t - +2 dagger of the Destroying King {freeze, rF+ rC++ Dex+4}
rCold   + + +      Faith    .   (no shield)
rNeg    . . .      Spirit   .   m - +0 scale mail
rPois   .          Reflect  .   (no helmet)
rElec   .          Harm     .   (no cloak)
rCorr   .          Rampage  .   (no gloves)
Will    .....                   (no boots)
Stlth   ..........              (no amulet)
HPRegen 0.15/turn               e - +6 ring of intelligence
MPRegen 0.10/turn               r - ring of protection from cold

@: flying, studying Armour, drained
A: rugged brown scales 1
a: Renounce Religion, Berserk, Trog's Hand


You were on level 5 of the Dungeon.
You worshipped Trog.
Trog was most pleased with you.
You visited 1 branch of the dungeon, and saw 5 of its levels.

You collected 200 gold pieces.

Inventory:

Hand Weapons
 a - a +0 hand axe
 o - a +1 short sword of venom
 t - the +2 dagger of the Destroying King (weapon) {freeze, rF+ rC++ Dex+4}
   (You found it on level 5 of the Dungeon)

   It freezes those it strikes, dealing additional cold damage.
   It can also slow down cold-blooded creatures.
   Dex:       It affects your dexterity (+4).
   rF:        It protects you from fire.
   rC:        It greatly protects you from cold.
Armour
 m - a +0 scale mail (worn)
 p - a +0 tower shield
Jewellery
 e - a +6 ring of intelligence (left hand)
 i - a ring of fire
 l - a +6 ring of intelligence
 r - a ring of protection from cold (right hand)
 s - a ring of willpower
Scrolls
 c - 2 scrolls of magic mapping {unknown}
 g - a scroll of torment
 k - a scroll of enchant armour
 n - a scroll of identify
Potions
 b - a potion of heal wounds {unknown}
 d - a potion of flight
 f - a potion of mutation {unknown}
 h - a potion of curing {unknown}
 j - 2 potions of ambrosia {unknown}
 q - a potion of haste {unknown}


   Skills:
 + Level 3.9 Fighting
 + Level 4.2 Axes
 * Level 4.3 Armour
 * Level 3.1 Dodging


You had 5 spell levels left.
You didn't know any spells.
Your spell library was empty.

Dungeon Overview and Level Annotations

Branches:
Dungeon (5/15)             Temple (0/1) D:5

Altars:
Cheibriados
Sif Muna
Trog
Xom
Zin


Innate Abilities, Weirdness & Mutations

You are partially covered in rugged brown scales. (AC +1, +3% HP)


Message History

Trog accepts your kill.
Things that are here:
a +0 hand axe; a +0 scale mail You start resting.
You feel yourself speed up.
You start resting.
You recover from your berserk rage.
You start resting.
HP restored.
There is a stone staircase leading down here.
You climb downwards.
The orc priest looks encouraged for a moment.
The orc priest looks satisfied for a moment.
There is a stone staircase leading up here.
You barely miss the orc. The orc barely misses you.
The orc priest mumbles some strange prayers to Beogh against you.
Beogh smites you!
You hit the orc but do no damage. The orc hits you with a +0 flail!
The orc hits you but does no damage. x2
The orc priest mumbles some strange prayers to Beogh against you.
You barely resist.
Unknown command.
You hit the orc priest. You freeze the orc priest.
The orc priest is moderately wounded.
The orc hits you but does no damage. The orc barely misses you.
The orc priest calls down the wrath of Beogh upon you.
Beogh smites you!
You hit the orc priest but do no damage.
The orc priest is moderately wounded.
The orc hits you but does no damage. The orc hits you with a +0 flail.
The orc priest mumbles some strange prayers to Beogh against you.
Beogh smites you!
* * * LOW HITPOINT WARNING * * *
Unknown command.
Unknown command.
It was a potion of flight.
You feel very buoyant.
You fly up into the air.
The orc hits you but does no damage. The orc hits you with a +0 flail.
You die...

#≈.≈...≈.§#.##)#####
#≈..≈§§..≈#.##.....#
#.≈≈≈≈≈≈≈.#.##.(####
##.........####..# #
#.#########.##...##
# #..# #.†.....# #
##.########......##
#
#...o........#.....#
##o@######.#.#..###.
##o######.#......
#.)......###..###
#..8.8.8. #..#
#...⌠.⌠.. ..#
##.8.>.8. ## ..⌠.⌠..
.8.8.8. .......


You could see an orc priest and 2 orcs.

Vanquished Creatures
  An orc priest (D:5)
  A hound (D:5)
  An iguana (D:4)
  3 orc wizards
  A gnoll (D:1)
  2 adders (D:3)
  A shadow imp (D:5)
  An adder skeleton (D:4)
  3 worms
  4 dart slugs
  7 orcs
  5 endoplasms
  2 giant cockroaches
  6 goblins
  5 hobgoblins
  8 jackals
  4 kobolds
  4 quokkas
  6 ball pythons
  6 bats
  A frilled lizard (D:1)
  8 rats
80 creatures vanquished.

Notes
Turn   | Place    | Note
-------+----------+-------------------------------------------
     0 | D:1      | ytrimaz the Demonspawn Berserker began the quest for the
                  | Orb.
     0 | D:1      | Reached XP level 1. HP: 18/18 MP: 1/1
    66 | D:1      | Gained mutation: You are partially covered in rugged brown
                  | scales. (AC +1, +3% HP) [demonic ancestry]
    66 | D:1      | Reached XP level 2. HP: 8/24 MP: 2/2
   384 | D:1      | Reached XP level 3. HP: 14/29 MP: 3/3
   755 | D:1      | Found a faded altar of an unknown god.
  2302 | D:3      | Reached ** piety under Trog
  2456 | D:3      | Reached XP level 4. HP: 34/36 MP: 4/4
  2548 | D:3      | Found a snail-covered altar of Cheibriados.
  2930 | D:3      | Noticed an angel
  2997 | D:3      | Found a shimmering blue altar of Sif Muna.
  3773 | D:4      | Reached XP level 5. HP: 43/43 MP: 5/5
  4299 | D:5      | Entered Level 5 of the Dungeon
  4547 | D:5      | Noticed a moth of wrath
  4549 | D:5      | Found a bloodstained altar of Trog.
  4567 | D:5      | Reached *** piety under Trog
  4573 | D:5      | Identified the +2 dagger of the Destroying King {freeze,
                  | rF+ rC++ Dex+4}
  4745 | D:5      | Found a shimmering altar of Xom.
  4755 | D:5      | Reached XP level 6. HP: 26/45 MP: 6/6
  4880 | D:5      | Found a staircase to the Ecumenical Temple.
  5248 | D:5      | HP: 2/46 [orc priest/divine providence (12)]
  5249 | D:5      | Slain by an orc

Illustrated notes

Levels and vault maps discovered:
D:1:      dpeg_arrival_boxes_within_box, layout_basic,
          shapermc_ecumenical_altar_ellora
D:2:      layout_loops_ring
D:3:      layout_loops_corners, mainiacjoe_overflow_alcove_1, zin_angel,
          kennysheep_slug_shrine
D:4:      layout_basic
D:5:      layout_loops_corners, tgw_trog, mainiacjoe_overflow_paths,
          minmay_temple_entry_statues_fountains, chequers_serial_rivers_micro_c,
          minivault_27

Skill      XL: |  1  2  3  4  5 |
---------------+----------------+-----
Dodging        | 2 3 |  3.1
Axes           | 3 4 |  4.2
Armour         | 2 4 |  4.3
Fighting       | |  3.9

Action                   |  1- 3 |  4- 6 || total
-------------------------+-------+-------++-------
Melee: Hand axe          |   121 |    99 ||   220
       Short sword       |       |    15 ||    15
       Dagger            |       |    38 ||    38
Invok: Berserk           |     1 |     4 ||     5
  Use: Scroll            |     4 |       ||     4
       Potion            |       |     1 ||     1
 Stab: Sleeping          |     2 |       ||     2
Armor: Animal skin       |    36 |    11 ||    47
       Scale mail        |       |    51 ||    51
Dodge: Dodged            |    89 |    91 ||   180

Table legend: (Time is in decaauts)
 A = Elapsed time spent in this place.
 B = Non-inter-level travel time spent in this place.
 C = Inter-level travel time spent in this place.
 D = Time resting spent in this place.
 E = Time spent auto-exploring this place.
 F = Levels seen in this place.
 G = Mean time per level.
                   A        B        C        D        E       F      G
               +--------+--------+--------+--------+--------+-----+--------+
         Total |   5322 |   5265 |     57 |    382 |   4193 |   5 | 1064.4 |
       Dungeon |   5322 |   5265 |     57 |    382 |   4193 |   5 | 1064.4 |
               +--------+--------+--------+--------+--------+-----+--------+

Top non-repeatable levels by time:
     D:1: 1324 daAuts
     D:3: 1259 daAuts
     D:4: 1033 daAuts
     D:2: 994 daAuts
     D:5: 710 daAuts
